Cogmind - Beta 13 X1 @@@ ROGUE MODE // 2023.12.15 @ 17:28:52 Player: f3-rnm Result: Destroyed by P-80 Master with Gamma Rifle Performance ------------- Evolutions (9) 4500 Regions Visited (22) 4400 Robots Destroyed (281) 1405 Value Destroyed (12479) 12479 Prototype IDs (70) 1400 Alien Tech Used (2) 400 Bonus (2150) 2150 TOTAL SCORE: 26734 Bonus ------- High Alert Combat Kills 451 Follower Combat Kills 680 Entered Garrisons 200 Met Zhirov 300 Met Warlord at Base 500 MAIN.C Attacked Warlord 500 Friendly Fire -481 Cogmind --------- Core Integrity 0/1600 Matter 174/300 Energy 99/100 System Corruption 12% Temperature Cool (2) Movement Flying (39) Location -1/Access Parts ------- > --- POWER (2) -------- (None) > --- PROPULSION (10) -- Xenon Bombardment Thruster Impulse Thruster Array > --- UTILITY (10) ----- Enhanced Optical Array Advanced Signal Interpreter Improved Terrain Scan Processor Hacking Suite Makeshift Hacking Suite > --- WEAPON (3) ------- (None) > --- INVENTORY (5) ---- Particle Reactor Biometal Leg Large Storage Unit Quantum Rifle Remote Datajack Peak State ------------ > --- POWER ------------ Vortex Chain Reactor > --- PROPULSION ------- Makeshift Leg Makeshift Leg Makeshift Leg Makeshift Leg Flexi-carbon Leg Experimental Myomer Leg > --- UTILITY ---------- High-capacity Storage Unit Enhanced Optical Array Improved Terrain Scan Processor 0b10 Decoder Chip [Skirmisher] Improved Armor Integrity Analyzer Thermal Barrier Advanced Shield Generator Hacking Suite > --- WEAPON ----------- Vortex Shotgun Heavy Autocannon > --- INVENTORY -------- Neutrino Core Makeshift Leg Flexi-carbon Leg Experimental Myomer Leg Centrium Wheel Large Storage Unit Advanced Energy Well Matter Compressor Enhanced Optical Array Advanced Signal Interpreter Recoil Nullifier Improved Focal Shield Makeshift Hacking Suite Advanced Hacking Suite Vortex Shotgun Improved EM Pulse Cannon Heavy Proton Cannon Vortex Cannon Vortex Cannon Remote Datajack [Rating: 126] Favorites ----------- Power Light Ion Engine Engine Light Ion Engine Power Core Light Nuclear Core Reactor Quantum Reactor Propulsion Light Treads Treads Light Treads Leg Makeshift Leg Wheel Compact Wheel Hover Unit Improved Antigrav System Flight Unit Xenon Bombardment Thruster Utility Huge Storage Unit Device Improved Heat Sink Storage Huge Storage Unit Processor Advanced Targeting Computer Hackware Hacking Suite Protection Hardened Light Armor Plating Weapon Gatling Laser Energy Gun Gatling Laser Energy Cannon Beam Cannon Ballistic Gun Assault Rifle Ballistic Cannon Antimatter Cannon Launcher Grenade Launcher Special Weapon Remote Datajack Impact Weapon Flail Build | -11 -10 -10 -8 -7 -7 -6 -6 -6 -6 -5 -5 -5 -5 -4 -4 -4 -4 -4 -3 -3 -2 -1 ------- Run | Jun Mat Sub Mat Fac Gar Fac Ext Cet Arc Fac Upp Upp Zhi Pro Fac Upp Upp War Pro Res Res Acc Slots Evolved 18 | . . . 4 2 . 2 . . . 2 . . . . 2 . . . . 2 2 2 Power 1 | . . . . 1 . . . . . . . . . . . . . . . . . . Propulsion 8 | . . . 2 . . 1 . . . 1 . . . . . . . . . 1 1 2 Utility 8 | . . . 2 1 . 1 . . . 1 . . . . 1 . . . . 1 1 . Weapon 1 | . . . . . . . . . . . . . . . 1 . . . . . . . Parts Attached 390 | 5 9 13 48 10 16 30 51 13 4 41 3 10 6 14 23 14 11 17 4 14 11 23 Power 44 | 1 1 . 7 1 2 5 5 . . 2 1 1 1 2 4 4 1 1 . . 2 3 Engine 16 | 1 1 . 4 1 1 2 4 . . . . . . . 1 . 1 . . . . . Core 13 | . . . 3 . 1 3 1 . . 1 1 1 . 1 . . . . . . 1 . Reactor 15 | . . . . . . . . . . 1 . . 1 1 3 4 . 1 . . 1 3 Propulsion 109 | 2 2 2 17 . 5 11 17 4 . 5 . 1 . 4 8 2 3 8 2 3 3 10 Treads 53 | 2 2 2 16 . 5 5 1 3 . 5 . 1 . 4 . . 2 . . 1 . 4 Leg 38 | . . . . . . 3 14 1 . . . . . . 5 2 . 8 2 1 2 . Wheel 10 | . . . . . . 3 2 . . . . . . . 3 . 1 . . 1 . . Hover 4 | . . . . . . . . . . . . . . . . . . . . . 1 3 Flight 4 | . . . 1 . . . . . . . . . . . . . . . . . . 3 Utility 113 | . 4 2 10 2 3 6 17 3 2 19 1 6 3 2 5 3 3 4 1 9 2 6 Device 60 | . . 1 4 1 2 3 9 1 2 12 1 3 1 . 3 2 1 4 . 6 1 3 Storage 11 | . 3 . 1 . . . 1 1 . 1 . . 1 . 1 . . . . . 1 1 Processor 17 | . . . 1 . 1 1 2 . . 4 . . . 2 . . 2 . 1 3 . . Hackware 5 | . . . . . . . . . . 2 . . . . 1 . . . . . . 2 Protection 20 | . 1 1 4 1 . 2 5 1 . . . 3 1 . . 1 . . . . . . Artifact . | . . . . . . . . . . . . . . . . . . . . . . . Weapon 124 | 2 2 9 14 7 6 8 12 6 2 15 1 2 2 6 6 5 4 4 1 2 4 4 Energy Gun 32 | . . . 2 6 3 2 2 1 1 7 . . 1 . 1 . 2 2 1 . . 1 Energy Cannon 27 | . . 2 2 . . 3 2 1 . 2 1 . 1 1 . 3 1 1 . 2 3 2 Ballistic Gun 19 | 2 1 . 4 . 1 . . 2 . 1 . . . 3 2 1 1 . . . . 1 Ballistic Cannon 24 | . . 3 4 . 1 2 4 1 1 3 . . . . 2 1 . 1 . . 1 . Launcher 12 | . 1 1 2 . 1 1 1 1 . . . 2 . 2 . . . . . . . . Special Weapon 3 | . . . . . . . 3 . . . . . . . . . . . . . . . Impact Weapon 7 | . . 3 . 1 . . . . . 2 . . . . 1 . . . . . . . Slashing Weapon . | . . . . . . . . . . . . . . . . . . . . . . . Piercing Weapon . | . . . . . . . . . . . . . . . . . . . . . . . Special Melee Weapon . | . . . . . . . . . . . . . . . . . . . . . . . Unidentified Prototypes 33 | . . 1 5 1 . 4 . 4 . 5 . . 4 . 2 . . 6 . 1 . . Corrupted Parts 4 | . . . . . . . . . . . . . . 1 . 2 . . . . 1 . System Corruption 28 | . . . . . . . . . . . . . . 9 . 18 . . . . 1 . Parts Lost 151 | . . . 6 . 12 15 21 1 . 2 1 9 . 12 10 5 13 3 6 8 10 17 Power 25 | . . . 1 . 1 4 4 . . 1 1 2 . 3 2 2 1 . . 1 1 1 Propulsion 63 | . . . 3 . 4 8 11 1 . . . 2 . 5 3 1 5 1 3 4 5 7 Utility 33 | . . . 1 . 3 . 4 . . 1 . 4 . 2 3 1 2 1 1 1 2 7 Weapon 30 | . . . 1 . 4 3 2 . . . . 1 . 2 2 1 5 1 2 2 2 2 Highest Loss Streak 13 | . . . 1 . 6 4 4 1 . 1 1 7 . 5 5 4 13 2 3 8 5 6 To Critical Strikes 6 | . . . . . . . . . . . . . . 2 . . . 1 1 . 2 . Average Slot Usage (%) 86 | . 96 100 97 94 94 87 84 88 85 83 80 81 62 76 73 71 51 86 72 71 43 36 Engine 7 | . 14 14 7 7 9 4 7 13 13 4 . . . . 1 . 4 8 . . . . Core 1 | . . . 1 . . 3 2 . . 2 3 4 5 4 . . . . . . . . Reactor 1 | . . . . . . . . . . 3 5 4 2 4 6 4 . . 5 3 . 1 Treads 19 | . 27 28 34 26 27 19 . 13 20 18 17 16 11 20 1 . 6 3 . . 2 1 Leg 4 | . . . . . . 1 22 8 . . . . . . 7 18 1 18 27 18 . . Wheel 1 | . . . . . . 4 1 . . . . . . . 6 1 . 4 . . 2 . Device 9 | . . 9 10 12 11 18 13 20 19 12 11 12 11 5 6 6 2 3 . 1 2 5 Storage 7 | . 14 14 8 6 6 6 6 6 6 5 5 5 5 5 5 5 5 5 5 4 5 1 Processor 8 | . . . 5 . 5 7 8 6 6 13 17 15 11 14 17 15 18 25 21 26 19 13 Protection 6 | . 10 4 9 13 10 5 5 6 6 5 5 5 8 6 4 2 . . . . . . Energy Gun 3 | . . . 5 8 10 4 5 . . 3 5 5 . . 1 . 4 9 5 3 . . Energy Cannon 3 | . . 10 2 . . 5 2 5 6 1 1 4 2 . . 5 . . . 4 3 2 Ballistic Gun 3 | . 27 . 2 13 5 . . 3 . . . . . 10 5 1 . . . . . . Ballistic Cannon 4 | . . 12 7 1 2 2 1 1 5 4 3 . . . 2 2 . . 2 . . . Naked Turns . | . . . . . . . . . . . . . . . . . . . . . . . Heaviest Build 148 | 7 32 34 116 122 122 110 104 133 133 141 146 148 130 130 132 84 73 125 119 111 72 41 Greatest Support 220 | 40 40 40 84 82 82 100 95 188 188 220 220 220 150 210 117 109 94 130 130 110 53 140 Greatest Overweight (x) 23 | 1 . . 1 1 2 6 23 1 . 1 . . . 1 10 1 16 3 1 4 5 13 Average Overweight (x) . | . . . . 1 1 2 1 . . . . . . . 4 . . . . . 2 . Largest Inventory Capacity 25 | 5 15 15 25 25 25 25 25 25 25 25 25 25 25 25 25 20 20 20 20 20 20 20 Average Capacity 20 | 5 13 15 24 25 25 25 20 22 25 25 25 25 25 25 24 20 20 20 20 20 20 5 Most Carried 25 | 4 15 15 25 25 25 25 25 25 25 25 25 25 25 24 25 20 20 20 20 20 19 11 Average Carried 20 | 2 11 14 23 24 24 24 19 22 24 24 25 24 21 22 24 16 16 19 18 19 17 3 Final Capacity 25 | 5 15 15 25 25 25 25 20 25 25 25 25 25 25 25 20 20 20 20 20 20 20 5 Final Carried 25 | 4 15 15 25 25 25 25 20 25 25 25 25 19 24 22 20 20 20 19 17 18 12 5 Class Distribution -------------------- 43% | Mutant 37% | Scavenger-Mutant 8% | Derelict-Mutant 3% | Commander-Mutant Dominant Class ---------------- Mutant | -10/Materials Mutant | -10/Subcaves Mutant | -8/Materials Scavenger-Tank | -7/Factory Scavenger-Mutant | -7/Garrison Scavenger-Mutant | -6/Factory Scavenger-Mutant | -6/Extension Scavenger-Mutant | -6/Cetus Scavenger-Mutant | -6/Archives Scavenger-Mutant | -5/Factory Scavenger-Mutant | -5/Upper Caves Scavenger-Mutant | -5/Upper Caves Scavenger-Mutant | -5/Zhirov Scavenger-Mutant | -4/Proximity Caves Scavenger-Mutant | -4/Factory Mutant | -4/Upper Caves Mutant | -4/Upper Caves Derelict-Mutant | -4/Warlord Derelict-Mutant | -3/Proximity Caves Derelict-Mutant | -3/Research Derelict-Mutant | -2/Research Hacker-Mutant | -1/Access Resources | -11 -10 -10 -8 -7 -7 -6 -6 -6 -6 -5 -5 -5 -5 -4 -4 -4 -4 -4 -3 -3 -2 -1 ----------- Run | Jun Mat Sub Mat Fac Gar Fac Ext Cet Arc Fac Upp Upp Zhi Pro Fac Upp Upp War Pro Res Res Acc Matter Collected 9270 | 195 397 735 1171 315 636 528 1271 288 149 720 242 233 127 566 545 286 186 100 309 . 126 145 Remotely . | . . . . . . . . . . . . . . . . . . . . . . . Salvage Created 12445 | . 420 256 1692 294 808 1490 1716 287 205 741 153 350 310 886 928 249 402 . 332 43 273 610 Parts 548 | . 30 20 78 12 51 73 48 14 5 22 5 17 5 42 38 11 7 . 14 5 8 43 Haulers Intercepted 11 | . 2 . 5 . . 2 1 . . . . . . . 1 . . . . . . . Recyclers Shooed 10 | . . . . . . 3 1 . . 2 . . . . 3 . . . . . . 1 Parts Field Recycled . | . . . . . . . . . . . . . . . . . . . . . . . Retrieved Matter . | . . . . . . . . . . . . . . . . . . . . . . . Parts Self-Destructed 115 | . . 21 . . . . . . . . 6 15 2 45 . 11 2 . 13 . . . Prevented 6 | . . . . . . . . . . . . . . 4 . 2 . . . . . . Kills | -11 -10 -10 -8 -7 -7 -6 -6 -6 -6 -5 -5 -5 -5 -4 -4 -4 -4 -4 -3 -3 -2 -1 ------- Run | Jun Mat Sub Mat Fac Gar Fac Ext Cet Arc Fac Upp Upp Zhi Pro Fac Upp Upp War Pro Res Res Acc Combat Hostiles Destroyed 217 | . 8 4 27 6 27 22 30 9 4 10 4 8 . 13 9 7 3 . 11 1 4 10 Guns 90 | . 5 . 10 6 18 8 14 . . 5 2 1 . 9 5 . 2 . 5 . . . Cannons 85 | . . 4 10 . 2 13 10 3 3 5 2 3 . . 4 6 . . 6 1 3 10 AOE 34 | . 3 . 7 . 5 . 4 6 . . . 4 . 4 . 1 . . . . . . Classes Destroyed 18 | . 7 2 2 1 1 1 1 . . 1 1 . . 1 . . . . . . . . Worker 11 | . 1 . 5 . . 1 . . . 2 . . . . 2 . . . . . . . Builder 7 | . . . 2 . . 1 2 . . . . . . . 1 . . . . . . 1 Tunneler 6 | . 1 . 1 1 . 3 . . . . . . . . . . . . . . . . Hauler 11 | . 2 . 5 . . 2 1 . . . . . . . 1 . . . . . . . Recycler 15 | . 1 . 4 . . 1 3 . . 3 . . . . 3 . . . . . . . Operator 1 | . . . . . . . . . . 1 . . . . . . . . . . . . Watcher 10 | . 3 . 2 . . 1 1 . . 1 . . . 2 . . . . . . . . Swarmer 59 | . 6 1 . . 11 1 7 4 . 1 3 2 . 2 4 4 . . 8 . . 5 Grunt 75 | . 2 . 20 3 5 11 12 3 . 4 . 2 . 6 1 2 3 . 1 . . . Brawler 2 | . . . . . . 1 . . . 1 . . . . . . . . . . . . Duelist 7 | . . . 1 . 2 1 . . . . . 1 . 1 1 . . . . . . . Sentry 32 | . . 1 6 2 3 1 8 . 4 1 . . . 3 1 . . . 1 . . 1 Hunter 12 | . . . . 1 1 3 1 . . . . . . . . . . . . . 4 2 Programmer 22 | . . . . . 5 4 . . . 3 . 2 . 1 2 1 . . 1 1 . 2 Behemoth 3 | . . . . . . . 1 . . . 1 1 . . . . . . . . . . Cetus Guard 2 | . . . . . . . . 2 . . . . . . . . . . . . . . Subdweller 3 | . . 3 . . . . . . . . . . . . . . . . . . . . Decomposer 1 | . . . . . . . . . . . 1 . . . . . . . . . . . Samaritan 5 | . . . . . . . . . . . 1 . . . . . 4 . . . . . Thug 1 | . . . . . . . 1 . . . . . . . . . . . . . . . Butcher 1 | . . . . . . . 1 . . . . . . . . . . . . . . . Fireman 1 | . . . . . . . . . . . . . . 1 . . . . . . . . Best Kill Streak 9 | . 4 2 7 2 9 5 5 7 2 4 3 4 . 4 5 5 1 . 5 1 2 5 Combat Bots Only 9 | . 3 2 6 2 9 5 4 7 2 3 3 4 . 4 4 5 1 . 5 1 2 5 Max Kills in Single Turn 4 | . 4 1 2 1 2 2 3 2 1 2 2 2 . 2 2 1 1 . 1 1 1 1 Gunslinging . | . . . . . . . . . . . . . . . . . . . . . . . Exploded 3 | . 3 . 2 . 2 . 3 2 . . . 2 . 2 . 1 . . . . . . Melee . | . . . . . . . . . . . . . . . . . . . . . . . Uniques/NPCs Destroyed . | . . . . . . . . . . . . . . . . . . . . . . . Combat | -11 -10 -10 -8 -7 -7 -6 -6 -6 -6 -5 -5 -5 -5 -4 -4 -4 -4 -4 -3 -3 -2 -1 -------- Run | Jun Mat Sub Mat Fac Gar Fac Ext Cet Arc Fac Upp Upp Zhi Pro Fac Upp Upp War Pro Res Res Acc Damage Taken 31432 | . 244 237 2335 464 2315 2088 3200 199 425 764 493 2011 . 2770 1592 1094 1025 670 1275 1457 2173 4601 Core 5271 | . 21 49 245 43 322 188 521 25 50 41 . 102 . 117 158 189 139 44 197 521 686 1613 Absorbed by Shields 1314 | . . . . . . . 50 84 150 390 72 312 . 60 . . 67 129 . . . . Reduced by Siege Mode 318 | . . . . . . . . . . . . . . . . . . . . . . 318 Redirected to Shielding 154 | . . . . . . . . . . . . . . 71 83 . . . . . . . Ignored by Resistances 823 | . . . . . . . . . . . . . . . 58 . . 124 41 . . 600 Regen/Repaired (Parts) 604 | . 38 . 412 . . . . . . . . . . . . . . 154 . . . . Core Remaining (%) 55 | 100 . 72 55 . 47 . . . 7 . . . . 74 . . . . 32 59 52 . Volleys Fired 960 | . 45 76 143 21 66 78 133 13 21 50 17 44 14 50 35 18 49 2 32 5 15 33 Largest 4 | . 2 2 4 4 4 2 2 2 2 2 2 2 1 2 3 2 3 1 2 2 2 2 Hottest 330 | . 40 95 136 166 210 170 170 147 170 130 170 330 90 170 174 195 164 50 150 173 150 214 Shots Fired 1781 | . 90 145 267 65 151 154 227 21 36 94 34 82 13 100 83 36 62 2 38 6 26 49 Gun 848 | . 89 . 106 53 122 52 80 3 2 42 17 40 . 91 53 . 57 . 24 1 . 16 Cannon 854 | . . 137 146 12 21 102 113 12 34 52 17 39 13 5 30 36 5 2 14 5 26 33 Launcher 47 | . 1 8 15 . 8 . 2 6 . . . 3 . 4 . . . . . . . . Special 32 | . . . . . . . 32 . . . . . . . . . . . . . . . Kinetic 761 | . 89 68 130 48 67 21 39 8 14 50 13 . . 85 75 9 12 . 14 . 7 12 Thermal 894 | . . 69 122 17 76 133 154 7 22 43 21 79 13 11 8 27 50 . . 5 . 37 Explosive 47 | . 1 8 15 . 8 . 2 6 . . . 3 . 4 . . . . . . . . Electromagnetic 11 | . . . . . . . . . . 1 . . . . . . . . . . 10 . Entropic 36 | . . . . . . . . . . . . . . . . . . 2 24 1 9 . Robot Hit Streak 41 | . 17 22 12 10 23 28 41 10 13 23 25 10 6 9 13 5 14 . 3 7 3 12 Robot Miss Streak 10 | . 3 2 4 6 10 3 4 2 1 3 7 2 1 4 6 2 3 . 9 . 2 3 Penetration Max 1 | . . . . . . . . . . . . . . 1 1 . . . . . . . Secondary Targets 8 | . . . 2 . 4 . . . . . . . . 1 . . 1 . . . . . Max Gunslinging Chain 1 | . . . 1 . 1 . . . . . . . . 1 . . 1 . . . . . Shots Hit Robots 1197 | . 58 87 178 42 95 117 187 14 29 66 22 34 11 69 51 19 45 . 23 3 14 33 Core Hits 623 | . 19 16 89 16 71 70 103 18 8 23 10 23 6 50 31 7 22 . 14 3 6 18 Critical Kills 14 | . . . . . . . 1 1 . 1 . . . 3 8 . . . . . . . Critical Parts Destroyed 14 | . . . . 1 . . . . . . . . . 6 6 . . . . 1 . . Critical Strikes 53 | . . . 9 2 . . 1 2 . 4 . . . 10 15 . 2 . 2 1 5 . Burn 8 | . . . 5 1 . . . . . . . . . . . . 2 . . . . . Meltdown 2 | . . . . . . . 1 . . 1 . . . . . . . . . . . . Destroy 28 | . . . . 1 . . . 2 . . . . . 10 15 . . . . . . . Blast 10 | . . . 4 . . . . . . 3 . . . . . . . . 2 . 1 . Corrupt 2 | . . . . . . . . . . . . . . . . . . . . . 2 . Detonate 1 | . . . . . . . . . . . . . . . . . . . . 1 . . Sunder 2 | . . . . . . . . . . . . . . . . . . . . . 2 . Melee Attacks 27 | . . 15 . 4 . . . . . 6 . . . . 2 . . . . . . . Impact 27 | . . 15 . 4 . . . . . 6 . . . . 2 . . . . . . . Slashing . | . . . . . . . . . . . . . . . . . . . . . . . Piercing . | . . . . . . . . . . . . . . . . . . . . . . . Sneak Attacks . | . . . . . . . . . . . . . . . . . . . . . . . Combat Hostiles . | . . . . . . . . . . . . . . . . . . . . . . . Follow-up Attacks . | . . . . . . . . . . . . . . . . . . . . . . . Damage Inflicted 35153 | . 988 595 4247 774 2698 3326 5123 1028 990 2414 693 2155 449 2769 1439 791 920 54 1339 347 673 1341 Guns 14600 | . 719 . 1373 647 2014 1263 2122 . 35 964 337 650 . 1764 1060 . 849 . 548 88 . 167 Cannons 15470 | . . 503 1932 127 250 2063 2500 251 955 1402 356 628 449 139 355 791 71 . 791 87 648 1172 Explosions 4894 | . 265 92 910 . 434 . 501 777 . . . 877 . 866 . . . . . 172 . . Melee 48 | . . . . . . . . . . 48 . . . . . . . . . . . . Ramming 141 | . 4 . 32 . . . . . . . . . . . 24 . . 54 . . 25 2 Kinetic 11839 | . 719 256 1629 498 699 497 1142 63 410 1370 286 . . 1630 1249 137 183 . 791 . 140 140 Thermal 17345 | . 86 247 1676 276 1565 2829 3480 188 580 996 407 1278 449 273 166 654 737 . . 259 . 1199 Explosive 4523 | . 179 92 797 . 434 . 501 777 . . . 877 . 866 . . . . . . . . Electromagnetic 322 | . . . 113 . . . . . . . . . . . . . . . . . 209 . Impact 48 | . . . . . . . . . . 48 . . . . . . . . . . . . Slashing . | . . . . . . . . . . . . . . . . . . . . . . . Piercing . | . . . . . . . . . . . . . . . . . . . . . . . Entropic 935 | . . . . . . . . . . . . . . . . . . . 548 88 299 . Highest Corruption 23 | . 2 2 2 . 4 11 11 11 11 5 5 11 11 20 4 23 23 23 3 7 1 12 Average Corruption 6 | . 2 2 2 . 3 7 11 11 11 4 5 7 11 19 3 13 23 23 2 5 1 6 Corruption Purged . | . . . . . . . . . . . . . . . . . . . . . . . Corruption Blocked 31 | . . . . . . . . . . . . . . . . . . . . . 31 . Effects 456 | . 18 44 33 . 20 41 95 9 10 20 22 25 12 33 11 19 32 3 2 1 . 6 Message Errors 120 | . 7 12 12 . 4 13 20 4 2 7 6 3 2 11 4 8 2 1 1 . . 1 Matter Fused 104 | . 4 7 14 . 4 11 24 1 3 8 2 5 4 3 1 4 9 . . . . . Heat Flow Errors 48 | . 1 4 1 . 7 4 10 1 . . 4 5 . 3 1 . 5 . . . . 2 Energy Discharges 56 | . 1 10 1 . 4 2 8 . . 3 3 3 4 5 2 3 4 2 . 1 . . Parts Rejected 9 | . . . . . . . 2 . 1 . . 2 . . 1 . . . 1 . . 2 Parts Fused 4 | . . 1 . . . . 1 . 1 . . . . . 1 . . . . . . . Data Loss (minor) 46 | . 2 2 2 . . 5 10 2 2 1 5 4 1 3 1 1 5 . . . . . Data Loss (major) 21 | . . 5 . . . 1 7 . . . . . . 3 . 2 3 . . . . . Misfires 17 | . 1 1 2 . 1 2 5 1 . . . . . 2 . . 1 . . . . 1 Alerts 15 | . 2 2 . . . 1 3 . . 1 2 1 . 1 . 1 1 . . . . . Misdirections 1 | . . . . . . . 1 . . . . . . . . . . . . . . . Weapon Failures 15 | . . . 1 . . 2 4 . 1 . . 2 1 2 . . 2 . . . . . Overload Shots 6 | . . . . . . . . . . . . 6 . . . . . . . . . . Overflow Damage 578 | . 86 . 18 . 25 3 45 6 . 104 . 44 61 10 1 69 . . 74 . . 32 Projectiles 379 | . . . . . . 3 43 . . 96 . . 61 . 1 69 . . 74 . . 32 Explosions 191 | . 86 . 18 . 25 . 2 6 . . . 44 . 10 . . . . . . . . Melee 8 | . . . . . . . . . . 8 . . . . . . . . . . . . Knockbacks 59 | . . 4 10 5 1 5 5 . . 18 . . . . 5 3 . . 3 . . . Impact 2 | . . . . . . . . . . 1 . . . . 1 . . . . . . . Kinetic 51 | . . 4 10 4 1 4 4 . . 15 . . . . 4 2 . . 3 . . . Secondary 6 | . . . . 1 . 1 1 . . 2 . . . . . 1 . . . . . . Self-Inflicted Damage 440 | . . 31 112 . 39 . . . . . . 121 . 50 . . . . . 84 2 1 Shots 13 | . . 1 5 . 2 . . . . . . 2 . 2 . . . . . 1 . . Rammed 6 | . 1 . 2 . . . . . . . . . . . . . . . . . 2 1 Targets Rammed 15 | . 1 . 2 . . . . . . . . . . . 1 . . 3 . . 7 1 Kicked 9 | . . . . . . . . . . . . . . . 1 . . 3 . . 5 . Crushed . | . . . . . . . . . . . . . . . . . . . . . . . Highest Temperature 748 | . 203 258 236 30 510 197 748 100 9 6 242 431 168 411 354 274 218 171 366 88 108 213 Average Temperature 97 | . 82 115 54 10 140 36 183 75 4 6 98 75 62 127 99 133 76 97 156 40 54 79 Received Heat Transfer 5201 | . 84 24 1125 111 324 550 837 43 44 166 50 472 . 552 269 30 226 48 48 . 90 108 Effects 33 | . . 2 . . 5 . 17 . . . . 1 . 3 1 . . . 4 . . . Shutdowns 10 | . . . . . 2 . 5 . . . . 1 . 1 . . . . 1 . . . Energy Bleed 7 | . . . . . 1 . 4 . . . . . . 1 . . . . 1 . . . Interference 5 | . . 2 . . . . 1 . . . . . . . . . . . 2 . . . Matter Decay 2 | . . . . . 1 . . . . . . . . 1 . . . . . . . . Short Circuit 2 | . . . . . . . 2 . . . . . . . . . . . . . . . Damage (minor) 4 | . . . . . . . 3 . . . . . . . 1 . . . . . . . Damage (major) 1 | . . . . . . . 1 . . . . . . . . . . . . . . . Damage (core) 2 | . . . . . 1 . 1 . . . . . . . . . . . . . . . Siege Activations 2 | . . . . . . . . . . . . . . . . . . . . . . 2 Total Turns 47 | . . . . . . . . . . . . . . . . . . . . . . 47 Longest Duration 33 | . . . . . . . . . . . . . . . . . . . . . . 33 Robots Corrupted 1 | . . . . . . . . . . . . . . . . . . . . . 1 . Combat Hostiles 1 | . . . . . . . . . . . . . . . . . . . . . 1 . Parts Fried 2 | . . . . . . . . . . 1 . . . . . . . . . . 1 . Impact Corruptions 2 | . . . . . . . . . . 2 . . . . . . . . . . . . Robots Melted 10 | . . . . . 2 2 3 . 1 1 . . . . . . 1 . . . . . Combat Hostiles 7 | . . . . . 2 1 2 . 1 . . . . . . . 1 . . . . . Parts Melted 71 | . . . 7 1 10 13 20 . 1 3 1 1 . 4 1 2 7 . . . . . Heat Transferred 28866 | . 50 518 3922 682 3258 4934 6702 300 925 1197 555 1334 425 333 375 629 1517 . . 174 . 1036 Parts Sabotaged . | . . . . . . . . . . . . . . . . . . . . . . . Parts Stolen . | . . . . . . . . . . . . . . . . . . . . . . . Parts Stripped . | . . . . . . . . . . . . . . . . . . . . . . . Power Chain Reactions . | . . . . . . . . . . . . . . . . . . . . . . . Missiles Intercepted . | . . . . . . . . . . . . . . . . . . . . . . . Alert | -11 -10 -10 -8 -7 -7 -6 -6 -6 -6 -5 -5 -5 -5 -4 -4 -4 -4 -4 -3 -3 -2 -1 ------- Run | Jun Mat Sub Mat Fac Gar Fac Ext Cet Arc Fac Upp Upp Zhi Pro Fac Upp Upp War Pro Res Res Acc Peak Influence 1033 | . 228 . 472 362 1033 541 352 350 299 212 . . . . 217 . . . . 167 94 329 Initial 541 | . . . 96 207 179 541 238 174 140 104 . . . . 12 . . . . 121 . 38 Average 240 | . 67 . 222 242 635 437 230 278 265 101 . . . . 68 . . . . 106 29 177 Maximum Alert Level 3 | . 1 . 2 1 3 2 1 1 1 1 . . . . 1 . . . . . . 1 Low Security (%) 52 | 100 90 . 55 37 5 . 41 9 16 94 . . . . 95 . . . . 100 100 57 Level 1 27 | . 9 . 26 62 12 27 58 90 83 5 . . . . 4 . . . . . . 42 Level 2 16 | . . . 18 . 39 72 . . . . . . . . . . . . . . . . Level 3 3 | . . . . . 41 . . . . . . . . . . . . . . . . . Level 4 . | . . . . . . . . . . . . . . . . . . . . . . . Level 5 . | . . . . . . . . . . . . . . . . . . . . . . . High Security . | . . . . . . . . . . . . . . . . . . . . . . . Max Security . | . . . . . . . . . . . . . . . . . . . . . . . Squads Dispatched 38 | . . . 4 6 . 8 3 . . 3 . 1 . 4 3 . . . . 1 2 3 Investigation 7 | . . . . 1 . 2 . . . 1 . . . 3 . . . . . . . . Extermination 7 | . . . . . . 3 . . . 2 . . . . 1 . . . . . . 1 Reinforcement 17 | . . . 3 1 . 2 3 . . . . . . 1 2 . . . . 1 2 2 Assault 3 | . . . 1 . . 1 . . . . . 1 . . . . . . . . . . Garrison 4 | . . . . 4 . . . . . . . . . . . . . . . . . . Intercept . | . . . . . . . . . . . . . . . . . . . . . . . Searches Triggered . | . . . . . . . . . . . . . . . . . . . . . . . Construction Impeded 5 | . . . . . . . 2 . . . . . . 1 1 . . . . . . 1 Haulers Reinforced 2 | . . . . . . 1 . . . . . . . . . . . . . . 1 . Active Scanning Responses . | . . . . . . . . . . . . . . . . . . . . . . . Cargo Convoy Interrupts . | . . . . . . . . . . . . . . . . . . . . . . . Stealth | -11 -10 -10 -8 -7 -7 -6 -6 -6 -6 -5 -5 -5 -5 -4 -4 -4 -4 -4 -3 -3 -2 -1 --------- Run | Jun Mat Sub Mat Fac Gar Fac Ext Cet Arc Fac Upp Upp Zhi Pro Fac Upp Upp War Pro Res Res Acc Distress Signals 20 | . 2 . 2 . . 3 2 1 . . . . . 1 . . . 2 . 1 6 . Communications Jammed . | . . . . . . . . . . . . . . . . . . . . . . . Distress Signals . | . . . . . . . . . . . . . . . . . . . . . . . Times Spotted 376 | . 14 29 46 7 27 31 39 11 4 14 5 11 . 25 22 11 3 11 12 8 10 36 Peak Tracking Total 11 | . 4 4 6 2 9 5 6 5 1 3 4 7 . 7 5 6 3 11 4 4 6 8 Tactical Retreats 16 | . . 2 4 . 3 . 1 . . . . . . 1 1 1 . . . . . 3 Traps | -11 -10 -10 -8 -7 -7 -6 -6 -6 -6 -5 -5 -5 -5 -4 -4 -4 -4 -4 -3 -3 -2 -1 ------- Run | Jun Mat Sub Mat Fac Gar Fac Ext Cet Arc Fac Upp Upp Zhi Pro Fac Upp Upp War Pro Res Res Acc Traps Triggered 13 | . 2 . 1 . 1 5 2 . . 1 . . . . . . . 1 . . . . Indirectly . | . . . . . . . . . . . . . . . . . . . . . . . Trap Hack Attempts . | . . . . . . . . . . . . . . . . . . . . . . . Triggered . | . . . . . . . . . . . . . . . . . . . . . . . Disarmed . | . . . . . . . . . . . . . . . . . . . . . . . Reprogrammed . | . . . . . . . . . . . . . . . . . . . . . . . Reused . | . . . . . . . . . . . . . . . . . . . . . . . Traps Extracted . | . . . . . . . . . . . . . . . . . . . . . . . Installed . | . . . . . . . . . . . . . . . . . . . . . . . Triggered 18 | . . . . . . . . . . . . . . . . 3 . 15 . . . . Machines | -11 -10 -10 -8 -7 -7 -6 -6 -6 -6 -5 -5 -5 -5 -4 -4 -4 -4 -4 -3 -3 -2 -1 ---------- Run | Jun Mat Sub Mat Fac Gar Fac Ext Cet Arc Fac Upp Upp Zhi Pro Fac Upp Upp War Pro Res Res Acc Machines Disabled 31 | . 3 2 7 . 4 3 4 3 1 2 . . . . 1 . . 1 . . . . Max in Single Turn 2 | . 2 1 1 . 1 1 1 1 1 1 . . . . 1 . . 1 . . . . Garrison Access 1 | . . . . . . . . . . . . . . . . . . . . . . 1 Garrison Relay 5 | . . . . . 5 . . . . . . . . . . . . . . . . . Energy Cycler 4 | . . . . . . . 4 . . . . . . . . . . . . . . . Machines Repaired . | . . . . . . . . . . . . . . . . . . . . . . . Machines Sabotaged . | . . . . . . . . . . . . . . . . . . . . . . . Overloaded Fab Kills . | . . . . . . . . . . . . . . . . . . . . . . . Hacking | -11 -10 -10 -8 -7 -7 -6 -6 -6 -6 -5 -5 -5 -5 -4 -4 -4 -4 -4 -3 -3 -2 -1 --------- Run | Jun Mat Sub Mat Fac Gar Fac Ext Cet Arc Fac Upp Upp Zhi Pro Fac Upp Upp War Pro Res Res Acc Machines Accessed 45 | . 5 2 9 1 1 4 2 . 1 4 . . 5 1 2 . . 3 . . . 5 Terminals 23 | . 2 . 6 . 1 2 2 . . 3 . . . 1 2 . . . . . . 4 Fabricators . | . . . . . . . . . . . . . . . . . . . . . . . Repair Stations 5 | . 1 . 2 . . 1 . . . 1 . . . . . . . . . . . . Recycling Units 3 | . 2 . . . . 1 . . . . . . . . . . . . . . . . Scanalyzers 1 | . . . 1 . . . . . . . . . . . . . . . . . . . Garrison Access 2 | . . . . 1 . . . . . . . . . . . . . . . . . 1 Total Hacks 115 | . 13 11 25 4 2 6 3 . 1 6 . . 18 1 3 . . 13 . . . 9 Successful 76 | . 6 11 16 1 1 3 1 . 1 1 . . 18 1 1 . . 13 . . . 2 Failed 39 | . 7 . 9 3 1 3 2 . . 5 . . . . 2 . . . . . . 7 Catastrophic 5 | . . . . 1 . 1 1 . . 1 . . . . . . . . . . . 1 Database Lockouts . | . . . . . . . . . . . . . . . . . . . . . . . Manual 27 | . 5 . 6 . . 1 3 . . 5 . . . . 1 . . . . . . 6 Terminals 38 | . 5 . 11 . 2 2 3 . . 5 . . . 1 3 . . . . . . 6 Fabricators . | . . . . . . . . . . . . . . . . . . . . . . . Repair Stations 19 | . 4 . 12 . . 2 . . . 1 . . . . . . . . . . . . Recycling Units 6 | . 4 . . . . 2 . . . . . . . . . . . . . . . . Scanalyzers 2 | . . . 2 . . . . . . . . . . . . . . . . . . . Garrison Access 7 | . . . . 4 . . . . . . . . . . . . . . . . . 3 Terminal Hacks 57 | . 2 11 5 . 1 1 1 . 1 1 . . 18 1 1 . . 13 . . . 1 Record 17 | . . 10 . . . . . . 1 . . . 6 . . . . . . . . . Part Schematic 4 | . . . . . . . . . . . . . 4 . . . . . . . . . Robot Analysis 6 | . 2 . . . . . . . . . . . 4 . . . . . . . . . Prototype ID Bank 17 | . . . 1 . . . . . . . . . 4 . . . . 12 . . . . Open Door 4 | . . . . . 1 1 . . . . . . . 1 . . . 1 . . . . Branch Access Points 3 | . . . 1 . . . . . . 1 . . . . . . . . . . . 1 Terminal Index 3 | . . . 1 . . . 1 . . . . . . . 1 . . . . . . . Alert Level 1 | . . . 1 . . . . . . . . . . . . . . . . . . . Unreport Threat 1 | . . . 1 . . . . . . . . . . . . . . . . . . . Derelict Proto ID Bank 1 | . . 1 . . . . . . . . . . . . . . . . . . . . Fabricator Hacks . | . . . . . . . . . . . . . . . . . . . . . . . Repair Station Hacks 11 | . 2 . 9 . . . . . . . . . . . . . . . . . . . Scan Component 6 | . 1 . 5 . . . . . . . . . . . . . . . . . . . Repair 5 | . 1 . 4 . . . . . . . . . . . . . . . . . . . Recycling Unit Hacks 4 | . 2 . . . . 2 . . . . . . . . . . . . . . . . Retrieve Components 4 | . 2 . . . . 2 . . . . . . . . . . . . . . . . Scanalyzer 2 | . . . 2 . . . . . . . . . . . . . . . . . . . Insert Component 1 | . . . 1 . . . . . . . . . . . . . . . . . . . Analyze 1 | . . . 1 . . . . . . . . . . . . . . . . . . . Garrison Access Hacks 2 | . . . . 1 . . . . . . . . . . . . . . . . . 1 Unlock Access 1 | . . . . 1 . . . . . . . . . . . . . . . . . . Seal Access 1 | . . . . . . . . . . . . . . . . . . . . . . 1 Unauthorized Hacks . | . . . . . . . . . . . . . . . . . . . . . . . Terminals . | . . . . . . . . . . . . . . . . . . . . . . . Fabricators . | . . . . . . . . . . . . . . . . . . . . . . . Repair Stations . | . . . . . . . . . . . . . . . . . . . . . . . Recycling Units . | . . . . . . . . . . . . . . . . . . . . . . . Scanalyzers . | . . . . . . . . . . . . . . . . . . . . . . . Garrison Access . | . . . . . . . . . . . . . . . . . . . . . . . Data Cores Recovered 1 | . . . . . . . . . . 1 . . . . . . . . . . . . Used . | . . . . . . . . . . . . . . . . . . . . . . . Hacking Detections 27 | . 1 . 8 1 1 3 2 . . 4 . . . . 2 . . . . . . 5 Full Trace Events 2 | . . . . 1 . . . . . 1 . . . . . . . . . . . . Feedback Events . | . . . . . . . . . . . . . . . . . . . . . . . Feedback Blocked . | . . . . . . . . . . . . . . . . . . . . . . . Robot Schematics Acquired . | . . . . . . . . . . . . . . . . . . . . . . . Robots Built . | . . . . . . . . . . . . . . . . . . . . . . . Authchips . | . . . . . . . . . . . . . . . . . . . . . . . Time . | . . . . . . . . . . . . . . . . . . . . . . . Total Robot Build Rating . | . . . . . . . . . . . . . . . . . . . . . . . Part Schematics Acquired 5 | . . . 1 . . . . . . . . . 4 . . . . . . . . . Parts Built . | . . . . . . . . . . . . . . . . . . . . . . . Authchips . | . . . . . . . . . . . . . . . . . . . . . . . Time . | . . . . . . . . . . . . . . . . . . . . . . . Total Part Build Rating . | . . . . . . . . . . . . . . . . . . . . . . . Parts Repaired 5 | . 1 . 4 . . . . . . . . . . . . . . . . . . . Time 181 | . 26 . 155 . . . . . . . . . . . . . . . . . . . Parts Recycled . | . . . . . . . . . . . . . . . . . . . . . . . Recycled Matter . | . . . . . . . . . . . . . . . . . . . . . . . Retrieved Matter . | . . . . . . . . . . . . . . . . . . . . . . . Retrieved Components 27 | . 14 . . . . 13 . . . . . . . . . . . . . . . . Parts Scanalyzed 1 | . . . 1 . . . . . . . . . . . . . . . . . . . Part Schematics Acquired 1 | . . . 1 . . . . . . . . . . . . . . . . . . . Parts Damaged . | . . . . . . . . . . . . . . . . . . . . . . . Bothacking | -11 -10 -10 -8 -7 -7 -6 -6 -6 -6 -5 -5 -5 -5 -4 -4 -4 -4 -4 -3 -3 -2 -1 ------------ Run | Jun Mat Sub Mat Fac Gar Fac Ext Cet Arc Fac Upp Upp Zhi Pro Fac Upp Upp War Pro Res Res Acc Used RIF Installer . | . . . . . . . . . . . . . . . . . . . . . . . Robots Hacked . | . . . . . . . . . . . . . . . . . . . . . . . Non-combat . | . . . . . . . . . . . . . . . . . . . . . . . Combat . | . . . . . . . . . . . . . . . . . . . . . . . Robot Hacks Applied . | . . . . . . . . . . . . . . . . . . . . . . . Relay Couplers Released 23 | . . . . . 23 . . . . . . . . . . . . . . . . . Machine Destruction 23 | . . . . . 23 . . . . . . . . . . . . . . . . . Fabnet Peak Effective % . | . . . . . . . . . . . . . . . . . . . . . . . Robots Rewired 17 | . . . . . . . 17 . . . . . . . . . . . . . . . Allies Hacked . | . . . . . . . . . . . . . . . . . . . . . . . Hacks Repelled . | . . . . . . . . . . . . . . . . . . . . . . . Allies | -11 -10 -10 -8 -7 -7 -6 -6 -6 -6 -5 -5 -5 -5 -4 -4 -4 -4 -4 -3 -3 -2 -1 -------- Run | Jun Mat Sub Mat Fac Gar Fac Ext Cet Arc Fac Upp Upp Zhi Pro Fac Upp Upp War Pro Res Res Acc Total Allies 30 | . . 11 . . 2 . 17 . . . . . . . . . . . . . . . Largest Group 10 | . . 7 6 . 2 . 10 6 . . . . . . . . . . . . . . Highest-Rated Group 284 | . . 133 114 . 45 . 284 155 . . . . . . . . . . . . . . Highest-Rated Ally 39 | . . 19 19 . 25 . 39 39 . . . . . . . . . . . . . . Total Orders 3 | . . . . . . . 3 . . . . . . . . . . . . . . . STAY 2 | . . . . . . . 2 . . . . . . . . . . . . . . . FOLLOW 1 | . . . . . . . 1 . . . . . . . . . . . . . . . Ally Attacks 128 | . . 30 52 . . . 33 13 . . . . . . . . . . . . . . Total Damage 2914 | . . 504 792 . . . 1340 278 . . . . . . . . . . . . . . Kills 26 | . . 6 9 . . . 8 3 . . . . . . . . . . . . . . Allies Corrupted . | . . . . . . . . . . . . . . . . . . . . . . . Allies Melted 2 | . . . . . . . 1 . . . . . . . . . . 1 . . . . Intel | -11 -10 -10 -8 -7 -7 -6 -6 -6 -6 -5 -5 -5 -5 -4 -4 -4 -4 -4 -3 -3 -2 -1 ------- Run | Jun Mat Sub Mat Fac Gar Fac Ext Cet Arc Fac Upp Upp Zhi Pro Fac Upp Upp War Pro Res Res Acc Robot Analysis Total 6 | . 2 . . . . . . . . . . . 4 . . . . . . . . . Derelict Logs Recovered 8 | . . 2 . . . . . . . . 1 . . 2 . 1 2 . . . . . Drone Launches . | . . . . . . . . . . . . . . . . . . . . . . . Drone Recoveries . | . . . . . . . . . . . . . . . . . . . . . . . Decoded 0b10 Intel 9 | . . . . . . . . . . . . . . . . . . . . 7 2 . Garrisons 1 | . . . . . . . . . . . . . . . . . . . . 1 . . Patrols 6 | . . . . . . . . . . . . . . . . . . . . 4 2 . Reinforcements 1 | . . . . . . . . . . . . . . . . . . . . 1 . . Guards 1 | . . . . . . . . . . . . . . . . . . . . 1 . . Exploration | -11 -10 -10 -8 -7 -7 -6 -6 -6 -6 -5 -5 -5 -5 -4 -4 -4 -4 -4 -3 -3 -2 -1 ------------- Run | Jun Mat Sub Mat Fac Gar Fac Ext Cet Arc Fac Upp Upp Zhi Pro Fac Upp Upp War Pro Res Res Acc Turns Passed 26079 | 90 1869 4009 4016 745 1239 2241 2462 221 266 1556 799 661 399 730 855 442 773 1116 378 476 263 473 Spaces Moved 12595 | 55 882 2292 1419 267 414 899 1190 104 124 779 460 317 208 328 431 317 297 712 241 271 120 468 Core 353 | 14 . . . . . . 22 . . . . . . . . . 5 . . . . 312 Treads 8394 | 41 882 2292 1419 267 414 448 . 75 124 779 460 317 208 328 27 . 286 18 . . . 9 Legs 2456 | . . . . . . . 940 29 . . . . . . 160 317 6 492 241 260 11 . Wheels 1239 | . . . . . . 451 228 . . . . . . . 244 . . 202 . 11 103 . Hover 9 | . . . . . . . . . . . . . . . . . . . . . 6 3 Flight 144 | . . . . . . . . . . . . . . . . . . . . . . 144 Fastest Speed 37 | 50 160 160 160 238 238 123 120 120 160 160 160 160 160 160 90 90 97 120 110 110 115 37 Average Speed 171 | 140 160 160 235 238 240 210 157 151 160 162 160 160 160 162 159 113 196 149 124 161 160 69 Slowest Speed 1200 | 160 160 160 246 238 325 320 1200 240 160 240 160 160 160 240 240 170 850 280 190 250 360 700 Overloaded Moves . | . . . . . . . . . . . . . . . . . . . . . . . Propulsion Burnouts . | . . . . . . . . . . . . . . . . . . . . . . . Robots Hopped 3 | . . . . . . . . . . . . . . . . . . . . . . 3 Cave-ins Triggered . | . . . . . . . . . . . . . . . . . . . . . . . Teleports 1 | . . . . . . . . . . . . . . . 1 . . . . . . . Exploration Rate (%) 46 | 5 92 80 82 5 52 19 76 54 85 19 67 44 61 50 13 55 54 90 47 9 4 15 Regions Visited 22 Branch Regions 12 Pre-discovered Areas 8 | . . 3 . . . . . . . . 1 . 3 1 . . . . . . . . Known Exits Taken 7 | . . . 1 1 . . . . . 1 . . . . . . 1 . 1 1 1 . Unknown Exits Taken 14 | 1 1 1 . . . 1 1 1 1 . 1 1 1 1 1 1 . 1 . . . . Scrap Searched 21 | . . 10 . . . . . . . . 1 1 . 3 . 3 3 . . . . . Spaces Dug 55 | . . 20 . 3 . . 1 . . 11 . 14 . . 2 . . 1 . 3 . . Terrain Destroyed 516 | . 17 59 87 4 45 6 69 1 4 21 9 65 . 34 22 15 9 1 28 7 7 6 Melee 13 | . . 3 . 3 . . . . . 5 . . . . 2 . . . . . . . Projectile 217 | . . . 10 1 . 6 14 1 4 16 9 39 . 29 20 15 9 1 28 3 7 5 AOE 285 | . 17 56 77 . 45 . 55 . . . . 26 . 5 . . . . . 4 . . Terrain Rammed . | . . . . . . . . . . . . . . . . . . . . . . . Walls Destroyed . | . . . . . . . . . . . . . . . . . . . . . . . Machines Disabled . | . . . . . . . . . . . . . . . . . . . . . . . Actions | -11 -10 -10 -8 -7 -7 -6 -6 -6 -6 -5 -5 -5 -5 -4 -4 -4 -4 -4 -3 -3 -2 -1 --------- Run | Jun Mat Sub Mat Fac Gar Fac Ext Cet Arc Fac Upp Upp Zhi Pro Fac Upp Upp War Pro Res Res Acc Total 15348 | 68 1252 2466 1851 332 523 1111 1547 146 157 967 488 385 260 423 518 360 423 762 282 304 161 562 Wait 930 | . 289 63 173 14 14 65 113 1 . 41 7 11 20 24 7 2 57 . 4 1 4 20 Move 12569 | 54 881 2290 1418 267 413 898 1189 103 123 778 459 316 207 327 430 316 296 711 240 270 120 463 Hop 2 | . . . . . . . . . . . . . . . . . . . . . . 2 Pick Up 255 | 9 20 3 37 7 9 22 32 9 4 12 1 3 10 8 12 10 10 10 2 7 5 13 Fast Attach 101 | . 1 1 12 2 3 11 10 1 1 26 1 1 . . 6 . 1 10 . 6 . 8 Attach 171 | 5 4 1 17 2 7 11 22 4 . 3 . 7 5 9 12 10 10 5 4 7 11 15 Detach 10 | . . . 2 . . . . . . . . . . . 4 . . 1 . 1 . 2 Swap 121 | . 4 11 19 6 6 9 19 8 3 12 2 2 2 5 6 4 . 2 . 1 . . Drop 183 | . 7 6 28 9 5 17 24 7 5 39 1 1 2 . 3 . . 18 . 6 . 5 Fire 960 | . 45 76 143 21 66 78 133 13 21 50 17 44 14 50 35 18 49 2 32 5 15 33 Melee 27 | . . 15 . 4 . . . . . 6 . . . . 2 . . . . . . . Ram 2 | . . . . . . . . . . . . . . . . . . . . . 1 1 Kick 9 | . . . . . . . . . . . . . . . 1 . . 3 . . 5 . Crush 3 | . 1 . 2 . . . . . . . . . . . . . . . . . . . Escape Stasis 5 | . . . . . . . 5 . . . . . . . . . . . . . . . Rewire . | . . . . . . . . . . . . . . . . . . . . . . . Trap . | . . . . . . . . . . . . . . . . . . . . . . . Miscellaneous . | . . . . . . . . . . . . . . . . . . . . . . . Route ------- -11/Junkyard -10/Materials (discovered 6 exits: [*Mat x3] / [*Min x2] / *Sub) -10/Subcaves (discovered 2 exits: *Mat / [*Rec]) -8/Materials (discovered 3 exits: *Fac x3) -7/Factory -7/Garrison (discovered 2 exits: *Fac x2) -6/Factory (discovered 3 exits: *Fac / [*Low] / *Ext) -6/Extension (discovered 3 exits: *Fac x2 / [*Cet]) -6/Cetus -6/Archives (discovered 3 exits: *Fac / [*Hub x2]) -5/Factory (discovered 2 exits: *Upp x2) -5/Upper Caves -5/Upper Caves -5/Zhirov -4/Proximity Caves -4/Factory -4/Upper Caves -4/Upper Caves -4/Warlord -3/Proximity Caves -3/Research -2/Research -1/Access (discovered 1 exit: Com) History --------- Turn | Location | Event 10 | -11/Junkyard | Discovered new exit (range 15) 91 | -11/Junkyard | Entered Materials 301 | -10/Materials | Build established: Mutant 471 | -10/Materials | Repaired Lgt. Treads 570 | -10/Materials | Discovered new exit (range 11) 631 | -10/Materials | Discovered new exit (range 8) 1112 | -10/Materials | Discovered new exit (range 13) 1157 | -10/Materials | Discovered new exit (range 14) 1706 | -10/Materials | Discovered new exit (range 16) 1947 | -10/Materials | Discovered new exit (range 9) 1960 | -10/Materials | Entered Subcaves 1975 | -10/Subcaves | Learned location of Recycling (-9) 2144 | -10/Subcaves | Shifting Twisted Machinery released Spk. Treads 2170 | -10/Subcaves | Shifting Twisted Machinery released Battle Rifle 2285 | -10/Subcaves | A swath of the cavern ceiling suddenly collapsed 2769 | -10/Subcaves | Visited triangular shrine 2779 | -10/Subcaves | Found Prototype Device 2779 | -10/Subcaves | Identified V3-11A's Pendant 2784 | -10/Subcaves | Befriended Subdweller 2865 | -10/Subcaves | Disturbed a concealed Subdweller 2869 | -10/Subcaves | Befriended Subdweller 3029 | -10/Subcaves | Befriended Subdweller 3209 | -10/Subcaves | Befriended Subdweller 3282 | -10/Subcaves | Visited Clippyterm 3287 | -10/Subcaves | Learned location of Extension (-6) 3301 | -10/Subcaves | Discovered new exit (range 5) 3529 | -10/Subcaves | Befriended Subdweller 3719 | -10/Subcaves | Befriended Subdweller 3734 | -10/Subcaves | Befriended Subdweller 3863 | -10/Subcaves | Discovered new exit (range 14) 4035 | -10/Subcaves | Shifting Twisted Machinery released Sub. Monowheel 4044 | -10/Subcaves | Shifting Twisted Machinery released Battle Cannon 4053 | -10/Subcaves | Learned location of Zion (-7) 4053 | -10/Subcaves | Met a Zionite searching for "candidates" 4208 | -10/Subcaves | Visited 4L-MR0's lab 4432 | -10/Subcaves | Learned location of 1 exit from Materials 4835 | -10/Subcaves | Ambushed by Subdweller buried in earth 4835 | -10/Subcaves | Ambushed by Subdweller buried in earth 4835 | -10/Subcaves | Ambushed by Subdweller buried in earth 4839 | -10/Subcaves | Befriended Subdweller 4839 | -10/Subcaves | Befriended Subdweller 4839 | -10/Subcaves | Befriended Subdweller 4862 | -10/Subcaves | Ambushed by Subdweller buried in earth 4864 | -10/Subcaves | Befriended Subdweller 5803 | -10/Subcaves | Found Gun Armor 5969 | -10/Subcaves | Entered Materials 5969 | -8/Materials | Accompanied by 6 allies 5969 | -8/Materials | Evolved 4 slots: Propulsion x2, Utility x2 5970 | -8/Materials | Identified exit to Factory 6936 | -8/Materials | Repaired Lgt. Nuclear Core 8683 | -8/Materials | Discovered exit to Factory (range 11) 9614 | -8/Materials | Attached Gun Armor, gained temporary slots: Weapon x2 9702 | -8/Materials | Discovered exit to Factory (range 11) 9857 | -8/Materials | Repaired Grenade Launcher 9896 | -8/Materials | Repaired Arm. Treads 9953 | -8/Materials | Repaired Broken Arm. Treads 9969 | -8/Materials | First assault squad dispatched 9985 | -8/Materials | Entered Factory 9985 | -7/Factory | Evolved 2 slots: Power x1, Utility x1 10052 | -7/Factory | Garrison activated, responded to threat 10192 | -7/Factory | Build established: Scavenger-Tank 10481 | -7/Factory | Garrison activated, responded to threat 10730 | -7/Factory | Identified exit to Garrison 10730 | -7/Factory | Entered Garrison 10772 | -7/Garrison | Triggered checkpoint 10854 | -7/Garrison | Build established: Scavenger-Mutant 10896 | -7/Garrison | Rescued a captive Derelict 10897 | -7/Garrison | Rescued a captive Derelict 10995 | -7/Garrison | Destroyed 9 combat bots 11077 | -7/Garrison | Discovered new exit (range 10) 11098 | -7/Garrison | Triggered checkpoint 11169 | -7/Garrison | Lost 6 parts (2n1u3w) 11374 | -7/Garrison | Lost 5 parts (1p2n1u1w) 11452 | -7/Garrison | Garrison Relay disabled 11456 | -7/Garrison | Garrison Relay disabled 11466 | -7/Garrison | Garrison Relay disabled 11670 | -7/Garrison | Triggered checkpoint 11826 | -7/Garrison | Triggered checkpoint 11859 | -7/Garrison | Core integrity fell below 50% 11896 | -7/Garrison | Garrison Relay disabled 11940 | -7/Garrison | Discovered new exit (range 13) 11969 | -7/Garrison | Entered Factory 11969 | -6/Factory | Evolved 2 slots: Propulsion x1, Utility x1 12669 | -6/Factory | First assault squad dispatched 12888 | -6/Factory | Lost 4 parts (1p2n1w) 13051 | -6/Factory | Lost 4 parts (3n1w) 13347 | -6/Factory | Lost 3 parts (2p1n) 13436 | -6/Factory | Discovered new exit (range 13) 13457 | -6/Factory | Discovered new exit (range 15) 13582 | -6/Factory | Build established: Mutant 13650 | -6/Factory | System corruption reached 10% 13698 | -6/Factory | Discovered new exit (range 5) 14024 | -6/Factory | Build established: Scavenger-Mutant 14066 | -6/Factory | Lost 3 parts (1p2n) 14210 | -6/Factory | Entered Extension 14470 | -6/Extension | Lost 4 parts (2p1n1u) 14632 | -6/Extension | Energy Cycler disabled 14633 | -6/Extension | Rescued a captive Derelict 14633 | -6/Extension | Rescued a captive Derelict 14637 | -6/Extension | Rescued a captive Derelict 14639 | -6/Extension | Rescued a captive Derelict 14773 | -6/Extension | Lost 3 parts (2n1u) 14827 | -6/Extension | Build established: Commander-Mutant 14900 | -6/Extension | Core integrity fell below 50% 15702 | -6/Extension | Build established: Scavenger-Mutant 15780 | -6/Extension | Spotted B-75 Beast 15810 | -6/Extension | Disrupted transfer network 15811 | -6/Extension | Destroyed B-75 Beast 15816 | -6/Extension | Extracted ID and sensor layout for unrecognized location from A7's data core 15816 | -6/Extension | Discovered new exit (range 15) 16242 | -6/Extension | Lost 3 parts (2n1w) 16308 | -6/Extension | Core integrity fell below 20% 16598 | -6/Extension | Discovered new exit (range 10) 16601 | -6/Extension | Discovered new exit (range 6) 16672 | -6/Extension | Entered Cetus 16672 | -6/Cetus | Accompanied by 6 allies 16690 | -6/Cetus | Spotted Cetus Guard 16690 | -6/Cetus | Spotted Cetus Guard 16690 | -6/Cetus | Destroyed Cetus Guard 16692 | -6/Cetus | Spotted Cetus Guard 16693 | -6/Cetus | Allies destroyed Cetus Guard 16694 | -6/Cetus | Spotted Cetus Guard 16712 | -6/Cetus | Destroyed Cetus Guard 16717 | -6/Cetus | Allies destroyed Cetus Guard 16800 | -6/Cetus | Cetus Manufacturing Module disabled 16836 | -6/Cetus | Destroyed 7 combat bots 16869 | -6/Cetus | Discovered new exit (range 15) 16893 | -6/Cetus | Entered Archives 16998 | -6/Archives | Discovered new exit (range 16) 17021 | -6/Archives | Discovered new exit (range 14) 17065 | -6/Archives | Unable to access archive contents 17096 | -6/Archives | Discovered new exit (range 15) 17159 | -6/Archives | Entered Factory 17159 | -5/Factory | Evolved 2 slots: Propulsion x1, Utility x1 17947 | -5/Factory | Identified exit to Upper Caves 18121 | -5/Factory | Spotted B-75 Beast 18715 | -5/Factory | Entered Upper Caves 18721 | -5/Upper Caves | Met a Warlord Commander 18722 | -5/Upper Caves | Learned location of Warlord (-4) 18728 | -5/Upper Caves | Found Unknown Device 19084 | -5/Upper Caves | Spotted B-75 Beast 19104 | -5/Upper Caves | Destroyed B-75 Beast 19340 | -5/Upper Caves | Discovered new exit (range 11) 19514 | -5/Upper Caves | Entered another Upper Caves area 19782 | -5/Upper Caves | Spotted B-75 Beast 20070 | -5/Upper Caves | Destroyed B-75 Beast 20132 | -5/Upper Caves | Discovered new exit (range 16) 20135 | -5/Upper Caves | Attracted the attention of an 0b10 outpost 20151 | -5/Upper Caves | System corruption reached 10% 20175 | -5/Upper Caves | Entered Zhirov 20175 | -5/Zhirov | Discovered new exit (range 3) 20188 | -5/Zhirov | Lost 7 parts (2p2n2u1w) 20205 | -5/Zhirov | Met Zhirov 20242 | -5/Zhirov | Learned location of Quarantine (-3) 20242 | -5/Zhirov | Learned location of Testing (-2) 20242 | -5/Zhirov | Learned location of Command (-1) 20252 | -5/Zhirov | Zhirov requested help retrieving the SGEMP Prototype 20280 | -5/Zhirov | Found Alien Artifact 20281 | -5/Zhirov | Identified Integrated Reactor 20281 | -5/Zhirov | Installed Integrated Reactor, increased core energy generation (+10) 20300 | -5/Zhirov | Found Alien Artifact 20574 | -5/Zhirov | Entered Proximity Caves 20574 | -4/Proximity Caves | Learned Research terminal intel 20576 | -4/Proximity Caves | Attracted the attention of an 0b10 checkpoint 20787 | -4/Proximity Caves | Learned location of Armory (-4) 21105 | -4/Proximity Caves | Snuck into a huge 0b10 base via the rear entrance 21185 | -4/Proximity Caves | Derelicts attacked a huge 0b10 base 21248 | -4/Proximity Caves | Discovered new exit (range 8) 21304 | -4/Proximity Caves | Entered Factory 21304 | -4/Factory | Evolved 2 slots: Utility x1, Weapon x1 21334 | -4/Factory | Lost 5 parts (3n2w) 21447 | -4/Factory | Identified Encrypted Comm Array 21670 | -4/Factory | Lost 3 parts (1p1n1u) 21729 | -4/Factory | Discovered new exit (range 8) 22067 | -4/Factory | Identified Transdimensional Reconstructor 22067 | -4/Factory | Warped through subspace 22147 | -4/Factory | Lost 5 parts (1p2n1u1w) 22159 | -4/Factory | Entered Upper Caves 22324 | -4/Upper Caves | System corruption reached 10% 22401 | -4/Upper Caves | Build established: Mutant 22479 | -4/Upper Caves | Lost 4 parts (2p1u1w) 22526 | -4/Upper Caves | Discovered new exit (range 13) 22537 | -4/Upper Caves | Encountered a Warlord checkpoint 22562 | -4/Upper Caves | Learned location of 1 exit from Proximity Caves 22601 | -4/Upper Caves | Entered another Upper Caves area 22602 | -4/Upper Caves | Identified exit to Warlord 22698 | -4/Upper Caves | Lost 13 parts (1p5n2u5w) 23234 | -4/Upper Caves | Learned Research security intel 23239 | -4/Upper Caves | Learned Research trap positions 23374 | -4/Upper Caves | Entered Warlord 23425 | -4/Warlord | System corruption cleaned by Quarantine Array 23535 | -4/Warlord | Build established: Derelict-Mutant 23604 | -4/Warlord | Met Warlord 23629 | -4/Warlord | Warlord's base attacked by MAIN.C 23979 | -4/Warlord | Warlord forces counterattacked 24044 | -4/Warlord | Found Prototype Energy Cannon 24047 | -4/Warlord | Found Prototype Energy Cannon 24053 | -4/Warlord | Found Prototype Energy Gun 24053 | -4/Warlord | Identified Vortex Shotgun 24056 | -4/Warlord | Found Vortex Shotgun 24266 | -4/Warlord | Identified Vortex Cannon (x2) 24304 | -4/Warlord | Warlord base infiltrated, sounded retreat 24305 | -4/Warlord | Enhanced Grunt warped into view 24305 | -4/Warlord | Enhanced Grunt warped into view 24305 | -4/Warlord | Enhanced Grunt warped into view 24305 | -4/Warlord | Enhanced Demolisher warped into view 24305 | -4/Warlord | Enhanced Demolisher warped into view 24305 | -4/Warlord | Enhanced Demolisher warped into view 24314 | -4/Warlord | Found Prototype Device 24315 | -4/Warlord | Identified Thermal Barrier 24335 | -4/Warlord | Found Prototype Reactor 24335 | -4/Warlord | Identified Vortex Chain Reactor 24448 | -4/Warlord | Found Prototype Ballistic Cannon 24448 | -4/Warlord | Identified Hvy. Autocannon 24458 | -4/Warlord | Spotted Executioner 24459 | -4/Warlord | Spotted Executioner 24469 | -4/Warlord | Core integrity fell below 50% 24469 | -4/Warlord | Discovered new exit (range 17) 24490 | -4/Warlord | Entered Proximity Caves 24491 | -3/Proximity Caves | Identified exit to Research 24531 | -3/Proximity Caves | Lost 3 parts (1n2u) 24868 | -3/Proximity Caves | Entered Research 24868 | -3/Research | Evolved 2 slots: Propulsion x1, Utility x1 24869 | -3/Research | Loaded intel: 85 trap records 24871 | -3/Research | Loaded intel: 21 terminal locations 25116 | -3/Research | Found Prototype Device 25116 | -3/Research | Identified Exp. Thermal Shield 25266 | -3/Research | Discovered new exit (range 20) 25343 | -3/Research | Identified exit to Research 25344 | -3/Research | Entered another Research area 25344 | -2/Research | Warlord forces began assault on 0b10 25344 | -2/Research | Evolved 2 slots: Propulsion x1, Utility x1 25369 | -2/Research | Distinguished unit "Vikings" dispatched to help 25370 | -2/Research | Lost 8 parts (1p4n1u2w) 25444 | -2/Research | Discovered new exit (range 21) 25454 | -2/Research | Research machine network offline 25531 | -2/Research | Lost 5 parts (1n2u2w) 25594 | -2/Research | Spotted Executioner 25594 | -2/Research | Spotted Executioner 25596 | -2/Research | Identified exit to Access 25607 | -2/Research | Entered Access 25607 | -1/Access | Evolved 2 slots: Propulsion x2 25631 | -1/Access | Spotted B-99 Colossus 25633 | -1/Access | Lost 3 parts (3n) 25767 | -1/Access | Core integrity fell below 50% 25787 | -1/Access | Lost 4 parts (4u) 25822 | -1/Access | Lost 3 parts (1p2n) 25896 | -1/Access | Core integrity fell below 20% 25911 | -1/Access | Build established: Hacker-Mutant 25911 | -1/Access | Lost 4 parts (2n2w) 26036 | -1/Access | System corruption reached 10% 26068 | -1/Access | Identified exit to Command 26069 | -1/Access | Lost 6 parts (3n3u) 26080 | -1/Access | Destroyed by P-80 Master with Gamma Rifle Last Messages --------------- 26018_ U-05 Engineer lays Concrete. 26018_ Acquired Imp. Antigrav System. 26019_ Adv. Heat Sink destroyed. 26019_ U-05 Engineer lays Concrete. 26021_ U-05 Engineer builds a Wall. 26021_ U-05 Engineer lays Concrete. 26022_ Xenon Bombardment Thruster destroyed. 26022_ Imp. Antigrav System destroyed. 26027_ System corrupted: Imp. Antigrav System rejected. 26027_ Acquired Imp. Antigrav System. 26036_ Imp. Focal Shield destroyed. 26038_ Imp. Antigrav System destroyed. 26045_ System corrupted: Heat flow error (+191). 26068_ Connecting with Terminal... >>Access(Branch) Found 1 branch access point: (54,175) Command Map updated. 26075_ R#XLUK39P1A/IB3H 26076_ Acquired Impulse Thruster Array. Map ----- +----------------------------------------------------+ | ?????????????????????????????????????????????????? | | ?????????????????????????????????????????????????? | | ?????????????????????????????????????????????????? | | ?????????????????????????????????????????????????? | | ?????????????????????????????????????????????????? | | ?????????????????????????????????????????????????? | | ?????#############???????????????????????????????? | | ????# #???????????????????????????????? | | ????# #???????????????????????????????? | | ????# #???????????????????????????????? | | ????# #???????????????????????????????? | | ????# """"" #???????????????????????????????? | | ????# """"" ""#???####+####???????????????????? | | ????# """"" ""#???# +???????????????????? | | ????# """"" T"#???# #???????????????????? | | ????# """"" ""#???# #???????????????????? | | ????# ""#???# +???????????????????? | | ????# #???# #???????????????????? | | ????# #???# #???????????????????? | | ###########+########## #???????????????????? | | +???????????????????? | | #???????????????????? | | #???????????????????? | | #???????????????????? | | #???????????????????? | | @ #???????????????????? | | p #???????????????????? | | ####### ###+######+#####??????????????????? | | ???????# # #??????????????????? | | ???????# # #??????????????????? | | ???????# # #??????????????????? | | ???????# # ! #??????????????????? | | ???????# # #??????????????????? | | ???????# # #??????????????????? | | ???????# ###+############??????????????????? | | ???????# # #????????????????????? | | ???????# # #????????????????????? | | ???????# + " #????????????????????? | | ???##??# # """ #????????????????????? | | ??? ??# # """ #????????????????????? | | ????* ?# #? " #????????????????????? | | ????? ?# #? #????????????????????? | | ?????! # #?? #????????????????????? | | ?????? # #?? #????????????????????? | | ???????+ + ?? #?????????????""""???? | | ???????# # ? #?????????????""""???? | | ???????# # ? #??????? ???#""F ""??? | | ???????# ##############??????? ###""" ### | | ???????# #????????????# | | ???????# #????????????# | +----------------------------------------------------+ Best States ------------- Heat Dissipation 90 Energy Generation 65 Energy Capacity 700 Matter Stores 300 Matter Capacity 300 Sight Range 22 Robot Scan Range 15 Terrain Scan Density 110 Additional Mass Support 9 Armor Coverage 300 Resistance: KI 25 Resistance: TH 50 Core Shielding 40 Weapon Cycling 15 Evasion (%) 62 Targeting Accuracy 8 Target Analysis 8 Core Analysis 6 Armor Integrity Analysis 40 Recoil Reduction 6 Offensive Hacking 35 Defensive Hacking 10 Item Schematics ----------------- Huge Storage Unit | -8/Materials | Scanalyzed Exp. Optical Array | -5/Zhirov | Free Assault Drone Bay | -5/Zhirov | Free Exp. Heat Sink | -5/Zhirov | Free Imp. Arc Thrower | -5/Zhirov | Free Robot Schematics ------------------ None Fabricated ------------ Nothing Alien Tech Used ----------------- Integrated Reactor Transdimensional Reconstructor Achievements -------------- None Challenges ------------ None Game ------ Seed BackupGuidanceChip Manual? 0 Play Time 02:41:21 Cumulative 125.1 hours Start 2023.12.15 @ 14:25:34 End 2023.12.15 @ 17:28:52 Sessions 5 Manual Loads 0 Difficulty Rogue Special Mode None Game No. 133 Rogue 97 Adventurer 36 Explorer 0 Win Type - Total 7 Types 2/0/5/0/0/0/0/0/0 Lore% 54 Gallery% 76 Achievement% 62 Wizard Run 0 Options --------- ASCII 0 Keyboard 0 Movement Mouse Keybinds 0 Fullscreen 1 Font 18/SmallcapsGlow Map View 76x50 Tactical HUD 1 Map Filters NONE Filters NONE Steam 1 RUN: c07070a1-1ce4-4fcb-b1f8-1501d2b97d1a